Map: Prion Terraces

Players

Toons

  • Race: Protoss Protoss
  • League: Gold

PuMa - Winner!

  • Race: Protoss Protoss

VOD

Have the link to the VOD?

Description

Time

  • Played on: Jan. 26, 2016, 3:12 a.m.
  • Length: 9:26
Show
View Real Time Build Order
Export as new Build Order

Toons Protoss 

Build Orders:  

Get SALT Encoding   

  12  0:01  Probe (Chrono Boost)  
  13  0:11  Probe (Chrono Boost)  
  14  0:17  Pylon  
  14  0:22  Probe (Chrono Boost)  
  16  0:35  Probe (Chrono Boost)  
  16  0:44  Gateway  
  16  0:46  Probe (Chrono Boost)  
  17  1:01  Probe (Chrono Boost)  
  18  1:07  Gateway  
  18  1:15  Probe (Chrono Boost)  
  19  1:26  Assimilator  
  19  1:27  Probe (Chrono Boost)  
  19  1:30  Pylon  
  20  1:35  Cybernetics Core  
  20  1:42  Zealot (Chrono Boost)  
  22  1:48  Probe (Chrono Boost)  
  25  1:57  Zealot (Chrono Boost)  
  25  2:00  Probe  
  26  2:07  Pylon  
  28  2:14  Adept (Chrono Boost)  
  28  2:20  Adept (Chrono Boost)  
  30  2:35  Nexus  
  30  2:38  Warp Gate (Chrono Boost)  
  32  2:45  Adept (Chrono Boost)  
  32  2:48  Assimilator  
  34  2:59  Adept (Chrono Boost)  
  30  3:20  Probe  
  31  3:32  Probe  
  36  3:35  Stalker (Chrono Boost)  
  36  3:41  Twilight Council  
  34  3:44  Probe  
  35  3:49  Probe  
  36  3:56  Probe  
  36  3:59  Stalker  
  39  4:12  Stalker  
  39  4:14  Probe x2  
  43  4:24  Probe  
  43  4:26  Probe  
  45  4:38  Blink (Chrono Boost)  
  45  4:41  Probe  
  45  4:43  Probe  
  47  4:46  Assimilator  
  47  4:47  Assimilator  
  47  4:53  Pylon  
  47  4:55  Pylon  
  47  4:56  Probe  
  47  4:58  Probe  
  49  5:07  Gateway  
  49  5:10  Gateway  
  49  5:12  Gateway  
  49  5:17  Robotics Facility  
  49  5:22  Gateway  
  49  5:23  Pylon  
  49  5:26  Probe  
  49  5:27  Probe  
  51  5:36  Probe  
  51  5:37  Stalker  
  51  5:38  Stalker  
  51  5:39  Probe  
  57  6:00  Probe  
  57  6:02  Probe  
  59  6:04  Pylon  
  59  6:05  Warp Prism  
  59  6:06  Pylon  
  61  6:13  Stalker x4  
  69  6:33  Stalker  
  71  6:42  Observer  
  72  6:47  Stalker x4  
  72  6:48  Stalker  
  78  7:18  Stalker  
  78  7:19  Stalker x5  
  78  7:21  Mothership Core  
  90  7:26  Pylon x2  
  92  7:30  Forge  
  92  7:47  Zealot x4  
  94  7:58  Stalker x2  
  94  8:11  Stalker  
  94  8:12  Stalker x3  
  76  8:28  Stalker x2  
  80  8:35  Stalker x3  
  78  8:53  Zealot  
  78  8:54  Zealot x2  
  82  8:59  Zealot x2  
  86  9:09  Stalker  
Show
View Real Time Build Order
Export as new Build Order

PuMa Protoss - Winner!

Build Orders: 1 Gate Expand, Blink Stalkers 

Get SALT Encoding   

  12  0:01  Probe (Chrono Boost)  
  13  0:12  Probe (Chrono Boost)  
  14  0:24  Pylon, Probe (Chrono Boost)  
  15  0:41  Assimilator  
  15  0:43  Probe (Chrono Boost)  
  15  0:47  Gateway  
  16  0:53  Probe (Chrono Boost)  
  17  1:07  Probe (Chrono Boost)  
  18  1:25  Nexus  
  18  1:36  Probe (Chrono Boost)  
  19  1:44  Cybernetics Core  
  19  1:48  Probe (Chrono Boost)  
  19  1:51  Assimilator  
  20  1:59  Pylon  
  20  2:07  Probe (Chrono Boost)  
  21  2:22  Probe (Chrono Boost)  
  22  2:24  Warp Gate (Chrono Boost)  
  22  2:25  Adept (Chrono Boost)  
  24  2:35  Mothership Core, Gateway, Probe  
  27  2:47  Probe  
  28  2:53  Pylon  
  28  2:54  Probe  
  29  3:02  Stalker (Chrono Boost)  
  31  3:18  Probe  
  31  3:19  Probe  
  33  3:24  Twilight Council  
  32  3:33  Probe x2  
  34  3:36  Assimilator  
  34  3:44  Pylon  
  34  3:50  Blink (Chrono Boost)  
  34  4:01  Probe x2  
  34  4:10  Gateway  
  34  4:12  Gateway  
  34  4:14  Gateway  
  34  4:18  Probe (Chrono Boost)  
  34  4:19  Probe (Chrono Boost)  
  34  4:24  Stalker  
  38  4:31  Pylon  
  38  4:33  Probe (Chrono Boost)  
  38  4:34  Probe (Chrono Boost)  
  38  4:37  Stalker  
  42  4:43  Probe (Chrono Boost)  
  44  4:46  Probe (Chrono Boost)  
  44  4:51  Robotics Facility  
  44  4:56  Probe (Chrono Boost)  
  44  4:58  Probe (Chrono Boost)  
  46  5:03  Assimilator  
  47  5:07  Probe (Chrono Boost)  
  47  5:10  Probe (Chrono Boost)  
  48  5:17  Probe (Chrono Boost)  
  50  5:22  Probe (Chrono Boost)  
  50  5:28  Pylon  
  50  5:32  Stalker x2  
  50  5:33  Stalker x2  
  50  5:34  Stalker  
  60  5:40  Observer  
  61  5:49  Pylon  
  61  5:52  Pylon  
  61  5:57  Probe (Chrono Boost)  
  61  5:58  Probe (Chrono Boost)  
  61  6:03  Immortal (Chrono Boost)  
  67  6:35  Probe, Nexus  
  67  6:37  Pylon, Probe  
  67  6:38  Zealot x2  
  67  6:39  Pylon  
  73  6:41  Pylon  
  73  6:43  Pylon  
  73  6:44  Immortal (Chrono Boost)  
  73  7:03  Stalker x2  
  73  7:04  Stalker  
  73  7:05  Stalker x2  
  83  7:11  Probe  
  83  7:13  Probe  
  85  7:21  Pylon  
  85  7:24  Probe  
  85  7:26  Probe  
  85  7:27  Pylon  
  85  7:29  Immortal (Chrono Boost)  
  91  7:32  Adept x2  
  95  7:40  Stalker x2  
  93  8:01  Stalker x2  
  93  8:02  Stalker  
  81  8:20  Stalker x2  
  77  8:31  Immortal (Chrono Boost)  
  77  8:32  Stalker  
  77  8:33  Stalker x2  
  87  8:40  Gateway  
  87  8:42  Gateway  
  87  8:44  Gateway  
  87  8:47  Gateway  
  83  8:55  Stalker x3  
  83  9:10  Adept  
  83  9:11  Adept  
Tags
 
Composition
Blink Stalkers
League
Gold
Matchup
PvP
Replay Pack
toons-pack1
Add a new tag
Caveats
  • Supply blocks, unpowered buildings, or Contaminate may cause inaccurate times.
  • Supply counts are checked every 10 seconds.